AoeStats
← Shadoweye - Allkeyshop

Oasis

509859953Analyzed
3v3 RM · 4d ago on Sep 28, 2026· 85m 20s· 6 players
Game mode
Random Map
Map size
Normal (6 player)
Population
200
Speed
Normal
Resources
Standard
Victory
Conquest
Starting age
Dark Age
Ending age
Imperial Age
RankedLock teamsTeams togetherTeam positionsShared explorationLock speedFull tech treeHidden civsTurbo modeCheats
Victory
Defeat
🇧🇾 Turks · Belarus
894
+12
🇬🇧 Cumans · United Kingdom
798
+16
🇫🇷 Bengalis · France
767
+18
🇦🇷 Franks · Argentina
902
-19
🇦🇷 Wei · Argentina
892
-18
629
-9
Ezer
0:30 Loom
14:02 Feudal Age
15:56 Horse Collar
18:22 Castle Age
18:47 Double-Bit Axe
18:54 Gold Mining
20:30 Fletching
20:45 Padded Archer Armor
31:10 Wheelbarrow
30:21 Town Watch
34:59 Hand Cart
35:35 Leather Archer Armor
43:16 Imperial Age
41:44 Ballistics
43:26 Stone Mining
44:37 Fletching
45:33 Ring Archer Armor
45:09 Husbandry
45:20 Bloodlines
46:11 Heavy Camel Rider
47:04 Forging
47:00 Scale Barding Armor
48:41 Iron Casting
48:31 Heavy Plow
49:17 Gold Shaft Mining
49:06 Bow Saw
49:51 Conscription
50:34 Chain Barding Armor
51:51 Blast Furnace
52:05 Plate Barding Armor
52:53 Bodkin Arrow
56:54 Artillery
58:41 Caravan
60:14 Fortified Wall
60:20 Masonry
68:47 Capped Ram
70:16 Elite Janissary
73:58 Bracer
78:08 Hoardings
78:08 Siege Ram
arminta1382
0:27 Loom
14:03 Feudal Age
15:34 Scale Mail Armor
15:38 Horse Collar
16:12 Gold Mining
21:08 Man-at-Arms
56:08 Castle Age
54:44 Wheelbarrow
57:01 Heavy Plow
56:49 Double-Bit Axe
57:44 Gold Shaft Mining
57:01 Stone Mining
58:06 Hand Cart
57:28 Pikeman
58:27 Chain Mail Armor
60:58 Squires
65:03 Imperial Age
64:22 Bloodlines
64:58 Scale Barding Armor
65:04 Halberdier
65:29 Cavalier
67:13 Chain Barding Armor
67:05 Forging
67:34 Paladin
71:00 Guilds
Acer IV
0:50 Loom
10:23 Feudal Age
11:09 Double-Bit Axe
22:08 Castle Age
19:55 Horse Collar
22:17 Gold Mining
23:31 Pikeman
26:32 Town Watch
27:24 Wheelbarrow
28:01 Crossbowman
29:11 Hand Cart
29:33 Bow Saw
32:38 Town Patrol
33:12 Elite Skirmisher
34:49 Fletching
36:38 Heavy Plow
38:10 Bodkin Arrow
38:15 Padded Archer Armor
42:19 Imperial Age
40:59 Stone Mining
41:32 Leather Archer Armor
42:17 Caravan
44:22 Ring Archer Armor
43:52 Bracer
43:49 Heated Shot
43:56 Murder Holes
46:18 Two-Man Saw
45:20 Bracer
45:31 Forging
45:22 Scale Mail Armor
45:40 Squires
45:26 Gambesons
46:05 Ballistics
46:52 Chemistry
45:56 Arbalester
47:07 Conscription
48:46 Heavy Scorpion
48:47 Siege Elephant
49:12 Halberdier
49:38 Arson
50:08 Fortified Wall
50:37 Elite Elephant Archer
54:58 Paiks
54:15 Elite Ratha (Ranged)
57:10 Iron Casting
56:51 Chain Mail Armor
71:01 Blast Furnace
75:02 Crop Rotation
80:12 Mahayana
Shadoweye - Allkeyshop
0:50 Loom
12:10 Feudal Age
12:39 Double-Bit Axe
13:54 Wheelbarrow
21:40 Castle Age
20:47 Horse Collar
21:57 Arson
21:33 Man-at-Arms
22:36 Bow Saw
24:24 Hand Cart
24:25 Thumb Ring
23:41 Elite Skirmisher
24:37 Husbandry
24:44 Padded Archer Armor
28:57 Heavy Plow
30:32 Town Watch
32:00 Town Patrol
35:17 Leather Archer Armor
56:36 Gold Mining
63:37 Imperial Age
61:23 Fletching
65:37 Two-Man Saw
64:20 Imperial Skirmisher
69:59 Chemistry
69:21 Ballistics
68:42 Treadmill Crane
68:24 Onager
69:03 Bodkin Arrow
69:20 Cavalier
78:19 Paper Money
jjeeff0619
5:16 Loom
11:46 Feudal Age
16:11 Forging
18:06 Bloodlines
21:45 Wheelbarrow
25:23 Castle Age
24:06 Scale Mail Armor
24:13 Scale Barding Armor
24:28 Horse Collar
24:40 Gold Mining
33:04 Heavy Plow
36:15 Gold Shaft Mining
35:33 Double-Bit Axe
39:10 Chain Barding Armor
40:53 Iron Casting
41:12 Husbandry
42:48 Hand Cart
46:25 Imperial Age
47:34 Conscription
47:14 Tuntian
55:36 Town Watch
57:24 Onager
58:37 Elite Tiger Cavalry
63:36 Bow Saw
bb0929650
4:39 Loom
12:20 Feudal Age
13:40 Double-Bit Axe
13:51 Gold Mining
15:09 Wheelbarrow
17:48 Stone Mining
23:12 Castle Age
22:02 Forging
25:19 Scale Barding Armor
25:50 Iron Casting
26:22 Husbandry
31:52 Bow Saw
36:00 Gold Shaft Mining
47:42 Hand Cart
50:08 Imperial Age
47:28 Town Watch
50:11 Cavalier
50:27 Elite Throwing Axeman
52:36 Paladin
54:56 Hand Cart
54:41 Town Patrol
56:01 Blast Furnace
55:22 Chain Barding Armor
55:03 Scale Mail Armor
55:48 Light Cavalry
64:29 Pikeman
65:10 Squires
64:56 Arson
65:34 Halberdier
77:30 Plate Barding Armor
Connection lost

Rejoining the realm…

Still unreachable

The connection could not be restored.

Session expired

The server has moved on; the page needs a fresh start.